 Dungeon Crawl Stone Soup version 0.24-a0-271-ga0fc33f (webtiles) character file.

Game seed: 14073701316494810590

210 Hasart the Shield-Bearer (level 5, -1/33 HPs)
             Began as a Gargoyle Fighter on Apr 24, 2019.
             Slain by a howler monkey (3 damage)
             ... on level 4 of the Dungeon.
             The game lasted 00:03:53 (2574 turns).

Hasart the Shield-Bearer (Gargoyle Fighter)         Turns: 2574, Time: 00:03:54

Health: -1/33      AC: 12    Str: 20    XL:     5   Next: 88%
Magic:  5/5        EV:  7    Int:  9    God:
Gold:   92         SH:  9    Dex:  9    Spells: 4/4 levels left

rFire    . . .     SeeInvis .   a - +0 flail
rCold    . . .     Gourm    .   c - +0 shield
rNeg     + . .     Faith    .   b - +0 scale mail
rPois    ∞         Spirit   .   o - +0 helmet
rElec    +         Reflect  .   (no cloak)
rCorr    .         Harm     .   (no gloves)
MR       +....                  (no boots)
Stlth    ..........             (no amulet)
HPRegen  0.11/turn              r - ring of protection from magic
MPRegen  0.09/turn              (no ring)

@: no status effects
A: negative energy resistance 1, electricity resistance, unbreathing,
petrification resistance, rot immunity, AC +4
a: no special abilities


You were on level 4 of the Dungeon.
You were not hungry.

You visited 1 branch of the dungeon, and saw 4 of its levels.

You collected 92 gold pieces.

Inventory:

Hand Weapons
 a - a +0 flail (weapon)
 t - a +2 dagger of venom
Armour
 b - a +0 scale mail (worn)
 c - a +0 shield (worn)
 o - a +0 helmet (worn)
Jewellery
 r - a ring of protection from magic (left hand)
Wands
 g - a wand of acid (9)
Scrolls
 h - 5 scrolls of teleportation {unknown}
 i - 2 scrolls of magic mapping {unknown}
 j - 3 scrolls of remove curse {unknown}
 l - a scroll of enchant armour {unknown}
 n - 3 scrolls of identify {unknown}
 s - a scroll of immolation {unknown}
 u - a scroll of blinking {unknown}
Potions
 d - 5 potions of might
 e - a potion of flight {unknown}
 k - 2 potions of curing {unknown}
 m - a potion of cancellation {unknown}
 q - 3 potions of invisibility {unknown}
Comestibles
 f - 7 rations
 p - 4 chunks of flesh


   Skills:
 + Level 4.2 Fighting
 * Level 4.0 Maces & Flails
 + Level 4.2 Armour
 + Level 4.2 Shields


You had 4 spell levels left.
You didn't know any spells.
Your spell library was empty.

Dungeon Overview and Level Annotations

Branches:
Dungeon (4/15)
 Temple: D:4-7

Altars:
Cheibriados
Makhleb
Sif Muna


Innate Abilities, Weirdness & Mutations

You are resistant to torment.
Your stone body is resilient. (AC +4)
You are immune to poison.
You resist negative energy. (rN+)
You are resistant to electric shocks. (rElec)
You can survive without breathing.
You are immune to petrification.
You are immune to rotting.


Message History

The adder bites you but does no damage.
The phantom blinks!
You completely miss the adder.
The adder is heavily wounded.
You block the howler monkey's attack. The adder barely misses you.
The howler monkey hits you but does no damage.
You completely miss the adder.
The adder is heavily wounded.
The adder bites you.
* * * LOW HITPOINT WARNING * * *
The howler monkey hits you but does no damage.
The adder bites you.
* * * LOW HITPOINT WARNING * * *
Some of the chunks of flesh in your inventory have rotted away.
You completely miss the adder.
The adder is heavily wounded.
The howler monkey barely misses you. You block the adder's attack.
The adder bites you.
* * * LOW HITPOINT WARNING * * *
The howler monkey hits you.
You die...

... .... .......... .#.
#.##........#.#
...#.##.#.........
................
.....#W##.#......#
............#...# # #..
#.... ...#S##.....?..#.# ..
#...# #..#@##...........
#...#...###..#h##........#.#
#...#...##...#S#S..........#
.............o#............
#.#...##.............).#.#
#.....##...#.#..##.#...# #
#.<.##...........#.#.#
#......................
#.#.##...###..##.####...


You could see a phantom, a howler monkey, 2 adders and an orc.

Vanquished Creatures
  A hound (D:4)
  2 worker ants
  Robin (D:2)
  2 adders
  2 oozes
  A dart slug (D:3)
  2 worms
  2 leopard geckos
  4 orcs
  2 ball pythons
  4 giant cockroaches
  18 goblins
  12 hobgoblins
  6 jackals
  3 kobolds
  6 bats
  6 frilled lizards (D:1)
  3 rats
77 creatures vanquished.

Notes
Turn   | Place    | Note
-------+----------+-------------------------------------------
     0 | D:1      | Hasart the Gargoyle Fighter began the quest for the Orb.
     0 | D:1      | Reached XP level 1. HP: 14/14 MP: 1/1
   190 | D:1      | Reached XP level 2. HP: 19/19 MP: 2/2
   283 | D:1      | Reached XP level 3. HP: 17/23 MP: 3/3
  1027 | D:2      | Noticed Robin
  1350 | D:1      | Reached XP level 4. HP: 29/29 MP: 4/4
  1377 | D:2      | Killed Robin
  1819 | D:2      | Found a deep blue altar of Sif Muna.
  2008 | D:3      | Found a snail-covered altar of Cheibriados.
  2054 | D:3      | Reached XP level 5. HP: 16/33 MP: 5/5
  2239 | D:3      | Found a burning altar of Makhleb.
  2546 | D:4      | Noticed a phantom
  2574 | D:4      | Slain by a howler monkey

Levels and vault maps discovered:
D:1:      dpeg_arrival_boxes_within_box, layout_basic
D:2:      layout_basic, led_sif_pool, first_ration, uniq_robin
D:3:      layout_rooms, cheibriados_altar_1, bloody_makhleb
D:4:      layout_basic, temple_fountains

Skill      XL: |  1  2  3  4  5 |
---------------+----------------+-----
Maces & Flails | 3 4 |  4.0
Fighting       | 4 |  4.2
Armour         | 4 |  4.2
Shields        | 4 |  4.2

Action                   |  1- 3 |  4- 6 || total
-------------------------+-------+-------++-------
Melee: Flail             |   164 |   136 ||   300
  Eat: Chunk             |     2 |     4 ||     6
Armor: Scale mail        |   119 |    80 ||   199
Dodge: Dodged            |    57 |    59 ||   116
Block: Shield            |   102 |    77 ||   179

Table legend:
 A = Non-vault XP
 B = Vault XP
 C = Vault XP percentage of total XP
 D = Non-vault monster count
 E = Vault monster count
 F = Vault count percentage of total count
                 A         B        C        D         E       F
            +---------+---------+-------+---------+---------+-------
      Total |     263 |      38 |  12.6 |      64 |      13 |  16.9
            +---------+---------+-------+---------+---------+-------
        D:1 |      48 |       8 |  14.3 |      29 |       4 |  12.1
        D:2 |      48 |      23 |  32.4 |      14 |       5 |  26.3
        D:3 |      72 |       7 |   8.9 |      17 |       4 |  19.0
        D:4 |      95 |       0 |   0.0 |       4 |       0 |   0.0
            +---------+---------+-------+---------+---------+-------
